 Dungeon Crawl Stone Soup version 0.15.2 (webtiles) character file.

219 Jannitor the Insei (level 5, -1/42 HPs)
             Began as a Mummy Monk on May 4, 2019.
             Killed by divine providence
             ... invoked by an orc priest
              (14 damage)
             ... on Level 3 of the Dungeon.
             The game lasted 00:09:30 (13116 turns).

Jannitor the Insei (Mummy Monk)                    Turns: 13116, Time: 00:09:30

HP  -1/42        AC  2     Str 14      XL: 5   Next: 64%
MP   5/5         EV 13     Int  9      God:
Gold 130         SH  0     Dex 15      Spells:  0 memorised,  4 levels left

rFire  x . .     SeeInvis .       - Unarmed
rCold  + . .     Clarity  .     (no armour)
rNeg   + + +     rCorr    .     (no shield)
rPois  +         rRot     +     (no helmet)
rElec  .         Spirit   .     h - +1 cloak
SustAb .         Warding  .     (no gloves)
rMut   .         Stasis   .     (no boots)
Gourm  .                        (no amulet)
MR     .....                    (no ring)
                                (no ring)

@: about to teleport, not resistant to hostile enchantments, unstealthy
A: no food or potions, fire vulnerability, restore body, cold resistance 1,
negative energy resistance 3, poison resistance, torment resistance, unbreathing
a: no special abilities


You were on level 3 of the Dungeon.
You were not hungry.

You visited 1 branch of the dungeon, and saw 3 of its levels.

You collected 130 gold pieces.

Inventory:

Armour
 h - a +1 cloak (worn)
Magical devices
 i - a wand of paralysis (12) {unknown}
 j - a wand of lightning (9) {unknown}
Scrolls
 a - 4 scrolls of teleportation
 b - 4 scrolls of remove curse
 c - 3 scrolls of fog {unknown}
 d - a scroll of enchant weapon {unknown}
 e - 3 scrolls of identify {unknown}
 f - a scroll of fear {unknown}
 g - a scroll of enchant armour {unknown}
 k - 2 scrolls of magic mapping {unknown}


   Skills:
 + Level 4.0 Fighting
 - Level 2.4 Dodging
 - Level 1.5 Stealth
 + Level 5.3 Unarmed Combat


You had 4 spell levels left.
You didn't know any spells.

Dungeon Overview and Level Annotations

Branches:
Dungeon (3/15)

Altars:
Nemelex Xobeh

Annotations:
D:1 wolf spider
D:2 green ugly thing


Innate Abilities, Weirdness & Mutations

You do not eat or drink.
Your flesh is vulnerable to fire.
Your flesh is cold resistant.
You are immune to negative energy.
Your system is resistant to poisons.
You are immune to unholy pain and torment.
You can survive without breathing.


Message History

You hit the orc priest.
The orc priest is moderately wounded.
The orc priest hits you with a whip.
You hit the orc priest but do no damage.
The orc priest is moderately wounded.
The orc priest calls down the wrath of Beogh upon you.
Something smites you!
You can't drink.
Unknown command.
Unknown command.
Read which item? (? for menu, Esc to quit)
As you read the scroll labeled KLUNGO XEAT, it crumbles to dust.
You feel blessed for a moment.
It was a scroll of remove curse.
The orc priest hits you but does no damage.
Read which item? (? for menu, Esc to quit)
As you read the scroll labeled GHOCLISIEKH, it crumbles to dust.
You feel strangely unstable.
It was a scroll of teleportation.
The orc priest mumbles some strange prayers to Beogh against you.
Something smites you!
You die...

#.# #.# #.#
#.#########
#..(.......
#.#######.. #.# .
#>########.# ...
#....@.oo.)#####......
##########............
#########...#


You could see an orc priest and an orc.

Vanquished Creatures
  3 gnolls (D:2)
  5 adders
  3 worms
  2 giant mites
  2 oozes
  11 orcs (D:3)
  A ball python (D:1)
  4 giant cockroaches
  14 goblins
  8 hobgoblins
  7 jackals
  12 kobolds
  3 quokkas
  11 bats
  5 giant geckos
  5 giant newts
  4 rats
100 creatures vanquished.

Notes
Turn   | Place    | Note
--------------------------------------------------------------
     0 | D:1      | Jannitor, the Mummy Monk, began the quest for the Orb.
     0 | D:1      | Reached XP level 1. HP: 18/18 MP: 1/1
   216 | D:1      | Reached XP level 2. HP: 24/24 MP: 2/2
   577 | D:1      | Reached skill level 4 in Unarmed Combat
  1118 | D:2      | Reached XP level 3. HP: 20/29 MP: 3/3
  5004 | D:1      | Noticed a wolf spider
  5644 | D:2      | Reached XP level 4. HP: 35/35 MP: 4/4
  5648 | D:2      | Found a sparkling altar of Nemelex Xobeh.
  6813 | D:3      | Reached skill level 5 in Unarmed Combat
  7014 | D:2      | Reached XP level 5. HP: 29/41 MP: 5/5
 12263 | D:2      | Noticed a green ugly thing
 13116 | D:3      | Killed from afar by an orc priest

Action                   |  1- 3 |  4- 6 || total
-------------------------+-------+-------++-------
Melee: Unarmed           |   145 |   247 ||   392
  Use: Scroll            |       |     2 ||     2
 Stab: Sleeping          |     2 |     3 ||     5
